Map: Blackpink LE

Players

DrGreenThumb

  • Race: Protoss Protoss
  • Spawn Location: 1:00

SoupNevrLies - Winner!

  • Race: Zerg Zerg
  • League: Platinum
  • Spawn Location: 7:00

VOD

Have the link to the VOD?

Description

Time

  • Played on: May 13, 2018, 10:35 p.m.
  • Length: 13:09
Show
View Real Time Build Order
Export as new Build Order

DrGreenThumb Protoss 

Build Orders:  

Get SALT Encoding   

  12  0:01  Probe  
  13  0:13  Probe  
  14  0:22  Pylon  
  14  0:26  Probe  
  15  0:40  Probe  
  16  0:53  Gateway  
  16  1:02  Gateway  
  16  1:11  Probe  
  17  1:14  Assimilator  
  17  1:23  Probe  
  18  1:34  Pylon  
  18  1:35  Probe  
  19  1:43  Cybernetics Core  
  19  1:47  Probe  
  20  1:55  Pylon  
  20  2:00  Probe  
  21  2:11  Adept x2  
  21  2:19  Nexus  
  25  2:35  Probe  
  26  2:37  Adept x2  
  30  2:47  Probe  
  30  2:50  Pylon  
  31  3:01  Pylon  
  31  3:03  Assimilator  
  31  3:08  Adept, Probe  
  34  3:42  Adept x2  
  36  4:01  Pylon  
  36  4:09  Adept x2  
  36  4:25  Probe  
  36  4:26  Probe  
  36  4:29  Forge  
  36  4:36  Stalker  
  36  4:37  Probe  
  36  4:38  Stargate, Probe  
  40  4:50  Probe  
  41  5:14  Adept x2  
  41  5:22  Gateway  
  41  5:24  Shield Battery  
  41  5:25  Probe x2  
  43  5:28  Shield Battery  
  43  5:30  Void Ray  
  39  5:37  Probe x2  
  39  5:38  Stargate  
  39  5:41  Pylon  
  45  5:49  Probe x2  
  47  5:51  Photon Cannon  
  47  5:59  Warp Gate  
  47  6:01  Probe x2  
  49  6:13  Probe x2  
  49  6:14  Assimilator x2  
  51  6:25  Probe x2  
  53  6:32  Adept x2  
  57  6:33  Adept  
  57  6:37  Probe, Nexus  
  57  6:38  Pylon  
  57  6:39  Pylon  
  55  7:07  Probe  
  55  7:08  Probe  
  55  7:15  Probe  
  57  7:16  Probe  
  59  7:25  Probe  
  60  7:35  Void Ray x2  
  67  7:46  Probe x2  
  67  7:50  Photon Cannon  
  69  7:53  Shield Battery, Probe  
  69  7:54  Probe  
  69  7:55  Fleet Beacon, Probe  
  69  7:56  Protoss Air Weapons Level 1  
  72  8:02  Probe x2  
  72  8:03  Probe, Photon Cannon  
  72  8:11  Probe  
  72  8:12  Probe x2  
  75  8:16  Photon Cannon  
  78  8:23  Probe  
  78  8:24  Probe x2  
  78  8:26  Photon Cannon  
  81  8:30  Shield Battery  
  81  8:35  Probe  
  81  8:36  Assimilator, Probe x2  
  81  8:40  Shield Battery  
  84  8:48  Probe x3  
  85  8:52  Carrier  
  87  8:59  Adept x3  
  95  9:09  Graviton Catapult  
  99  9:16  Assimilator  
  99  9:24  Nexus  
  99  9:27  Pylon  
  99  9:28  Pylon  
  99  9:30  Protoss Shields Level 1  
  99  9:33  Probe x3  
  102  9:49  Adept x2  
  102  9:50  Adept  
  108  9:53  Photon Cannon  
  108  9:54  Shield Battery  
  108  9:56  Photon Cannon  
  108  9:57  Carrier  
  108  9:59  Shield Battery  
  86  10:41  Carrier  
  88  10:55  Adept x3  
  86  11:02  Probe x2  
  86  11:03  Stargate, Probe  
  87  11:08  Photon Cannon x2  
  87  11:10  Photon Cannon  
  87  11:12  Probe  
  87  11:14  Probe x2  
  87  11:15  Probe  
  87  11:16  Photon Cannon  
  87  11:17  Photon Cannon  
  87  11:18  Shield Battery  
  91  11:19  Sentry x2  
  91  11:20  Sentry  
  95  11:40  Carrier  
  95  11:43  Adept x3  
  107  11:48  Shield Battery  
  107  11:50  Photon Cannon  
  93  12:08  Zealot x3  
  95  12:18  Pylon  
  83  12:27  Pylon  
  83  12:31  Adept  
  83  12:32  Adept x2  
Show
View Real Time Build Order
Export as new Build Order

SoupNevrLies Zerg - Winner!

Build Orders: Pool First 

Get SALT Encoding   

  12  0:01  Drone  
  13  0:12  Overlord  
  13  0:17  Drone  
  14  0:34  Drone x2  
  16  0:36  Drone  
  17  1:09  Extractor  
  17  1:10  Spawning Pool  
  15  1:16  Drone x2  
  17  1:19  Drone  
  17  1:22  Hatchery  
  17  1:27  Drone  
  18  1:38  Drone  
  19  2:01  Drone  
  19  2:02  Drone  
  21  2:10  Overlord  
  21  2:16  Hatchery  
  20  2:23  Metabolic Boost  
  20  2:39  Zergling x6  
  23  2:47  Zergling x4  
  23  2:48  Queen x2  
  29  3:02  Drone  
  29  3:03  Drone  
  31  3:18  Zergling x8  
  33  3:30  Drone  
  33  3:31  Drone x2  
  34  3:37  Zergling x2  
  32  3:51  Zergling x10  
  34  4:04  Zergling x4  
  34  4:05  Zergling x12  
  40  4:19  Lair, Queen  
  40  4:24  Drone x3  
  41  4:33  Overlord x2  
  39  4:58  Zergling x12  
  39  4:59  Zergling x6  
  41  5:10  Zergling x10  
  40  5:24  Zergling x2  
  39  5:34  Drone x5  
  39  5:35  Drone  
  44  5:53  Drone x5  
  45  6:12  Drone  
  45  6:13  Drone x7  
  52  6:30  Zergling x4  
  52  6:32  Overlord x3  
  49  6:56  Drone  
  49  6:57  Drone x13  
  49  6:59  Queen  
  65  7:10  Extractor  
  65  7:11  Extractor  
  61  7:30  Drone  
  61  7:31  Drone x3  
  61  7:32  Overlord x6  
  65  7:41  Zergling x6  
  66  7:57  Hydralisk Den  
  66  7:58  Drone x4, Extractor  
  69  8:02  Drone x9  
  69  8:03  Drone  
  78  8:06  Extractor  
  78  8:07  Spore Crawler, Extractor  
  78  8:08  Spore Crawler  
  78  8:10  Spore Crawler  
  73  8:12  Overlord  
  73  8:13  Overlord  
  73  8:24  Drone x7  
  80  8:27  Muscular Augments  
  80  8:32  Hatchery  
  79  8:36  Drone  
  79  8:37  Drone x3  
  83  8:47  Hydralisk x6  
  95  8:56  Hydralisk x4  
  95  8:58  Zergling x2  
  104  9:03  Baneling Nest  
  103  9:18  Zergling x16  
  111  9:31  Queen  
  111  9:32  Hydralisk x7  
  111  9:35  Evolution Chamber  
  111  9:36  Evolution Chamber  
  121  9:48  Baneling x7  
  121  9:56  Grooved Spines, Hydralisk x6  
  125  10:22  Hydralisk x4  
  125  10:23  Hydralisk  
  127  10:28  Zerg Ground Armor Level 1, Zerg Missile Weapons Level 1  
  117  10:45  Drone x18  
  117  10:46  Drone x3  
  133  10:55  Centrifical Hooks  
  131  10:57  Zergling x2  
  131  10:58  Zergling x6  
  135  11:09  Zergling x2  
  135  11:10  Overlord x4  
  135  11:11  Overlord  
  136  11:18  Extractor x2  
  134  11:21  Queen  
  121  11:42  Hydralisk x13  
  139  11:57  Hydralisk x2  
  139  11:58  Hydralisk x5  
  137  12:13  Hydralisk  
  137  12:14  Hydralisk x4  
  123  12:44  Zergling x6  
  123  12:45  Zergling x20  
Tags
 
League
Platinum
Matchup
PvZ
Opening
Pool First
Spawn Locations
Cross Positions
Add a new tag
Caveats
  • Supply blocks, unpowered buildings, or Contaminate may cause inaccurate times.
  • Supply counts are checked every 10 seconds.